 Dungeon Crawl Stone Soup version 0.28.0-53-g5a82cb258f (webtiles) character file.

Game seed: 17258401457515390929

109 mcbry74 the Shield-Bearer (level 4, -6/40 HPs)
             Began as a Minotaur Fighter on June 26, 2022.
             Mangled by Grinder (9 damage)
             ... while paralysed by Grinder
             ... on level 3 of the Dungeon.
             The game lasted 00:04:48 (2672 turns).

mcbry74 the Shield-Bearer (Minotaur Fighter)        Turns: 2672, Time: 00:04:48

Health: -6/40      AC:  8    Str: 21    XL:     4   Next: 60%
Magic:  3/3        EV:  2    Int:  7    God:
Gold:   75         SH:  0    Dex:  9    Spells: 3/3 levels left

rFire   . . .      SeeInvis .   a - +0 war axe
rCold   . . .      Faith    .   c - +0 buckler
rNeg    . . .      Spirit   .   b - +0 scale mail
rPois   .          Reflect  .   (helmet restricted)
rElec   .          Harm     .   (no cloak)
rCorr   .          Rampage  .   e - +0 pair of gloves
Will    .....                   (no boots)
Stlth   ..........              (no amulet)
HPRegen 0.13/turn               (no ring)
MPRegen 0.08/turn               (no ring)

@: paralysed
A: horns 2, retaliatory headbutt
a: no special abilities


You were on level 3 of the Dungeon.
You visited 1 branch of the dungeon, and saw 3 of its levels.

You collected 75 gold pieces.

Inventory:

Hand Weapons
 a - a +0 war axe (weapon)
Missiles
 h - 6 javelins (quivered)
Armour
 b - a +0 scale mail (worn)
 c - a +0 buckler (worn)
 e - a +0 pair of gloves (worn)
Scrolls
 f - a scroll of magic mapping {unknown}
 g - a scroll of holy word {unknown}
 j - a scroll of identify {unknown}
Potions
 d - a potion of might
 i - a potion of curing {unknown}
 k - a potion of mutation {unknown}


   Skills:
 + Level 4.1 Fighting
 * Level 3.4(4.1) Axes
 * Level 2.2(3.2) Maces & Flails
 * Level 2.2(3.2) Polearms
 + Level 3.9 Armour
 + Level 4.1 Shields


You had 3 spell levels left.
You didn't know any spells.
Your spell library was empty.

Dungeon Overview and Level Annotations

Branches:
Dungeon (3/15)

Altars:

Annotations:
D:3 Grinder


Innate Abilities, Weirdness & Mutations

You have a pair of horns on your head.
You reflexively headbutt those who attack you in melee.


Message History

You see here a +0 dagger.
There is a stone staircase leading up here.
There is a stone staircase leading down here.
You climb downwards.
Level annotation: Grinder
There is a stone staircase leading up here.
An orc is nearby!
The orc shouts!
You closely miss the orc. Your headbutt misses the orc.
The orc closely misses you.
You slash the orc!
You kill the orc!
Found 19 stones.
Grinder shouts!
Things that are here:
a +0 short sword; 3 boomerangs; a +0 dagger
There is a stone staircase leading up here.
Found a stone staircase leading down.
You see here a +0 ring mail.
You see here a +0 ring mail.
Grinder hits you but does no damage.
You barely miss Grinder. Grinder hits you.
You writhe in agony.
You closely miss Grinder. Your headbutt misses Grinder.
Grinder gestures at you. Pain shoots through your body! Grinder hits you!
You writhe in agony.
You slash Grinder!
Grinder is lightly wounded.
Grinder hits you but does no damage.
You barely miss Grinder.
Grinder is lightly wounded.
Grinder closely misses you.
You closely miss Grinder.
Grinder is lightly wounded.
Grinder gestures at you.
You suddenly lose the ability to move!
Grinder hits you.
You writhe in agony.
* * * LOW HITPOINT WARNING * * *
Grinder hits you.
* * * LOW HITPOINT WARNING * * *
Grinder hits you!
You die...

##### #.... #.>..
##
#..>.#########...#.
#.....[...<).......
#...?@######.......
#....5.............
###########.(......
#...... ......
...... ......


You could see Grinder.

Vanquished Creatures
  An orc priest (D:3)
  Robin (D:2)
  An adder (D:2)
  2 worms (D:2)
  4 orcs (D:3)
  8 endoplasms
  2 giant cockroaches
  10 goblins
  2 hobgoblins
  3 jackals (D:3)
  A quokka (D:1)
  3 ball pythons
  3 bats
  3 kobolds
  4 rats
48 creatures vanquished.

Notes
Turn   | Place    | Note
-------+----------+-------------------------------------------
     0 | D:1      | mcbry74 the Minotaur Fighter began the quest for the Orb.
     0 | D:1      | Reached XP level 1. HP: 19/19 MP: 0/0
   375 | D:1      | Reached XP level 2. HP: 27/27 MP: 1/1
   404 | D:1      | Reached skill level 1 in Maces & Flails
   744 | D:1      | Reached skill level 1 in Polearms
   770 | D:1      | Found a faded altar of an unknown god.
  1463 | D:2      | Reached XP level 3. HP: 26/33 MP: 2/2
  2035 | D:3      | Noticed Robin
  2087 | D:3      | Noticed Grinder
  2117 | D:3      | Reached XP level 4. HP: 6/40 MP: 3/3
  2471 | D:2      | Killed Robin
  2670 | D:3      | Paralysed by Grinder for 4 turns
  2671 | D:3      | HP: 2/40 [Grinder (6)]
  2672 | D:3      | Mangled by Grinder

Illustrated notes

Levels and vault maps discovered:
D:1:      erik_arrival_orb_chamber, layout_loops_corners,
          basic_ecumenical_altar, minmay_stone_trees_large
D:2:      layout_basic, hangedman_decor_growths
D:3:      layout_rooms, minmay_divided_ellipse, uniq_robin, uniq_grinder

Skill      XL: |  1  2  3 |
---------------+----------+-----
Maces & Flails | 1 2 |  2.2
Polearms       | 1 2 |  2.2
Axes           | 3 |  3.4
Shields        | 4 |  4.1
Fighting       | 4 |  4.1
Armour         | |  3.9

Action                   |  1- 3 |  4- 6 || total
-------------------------+-------+-------++-------
Melee: War axe           |    75 |    18 ||    93
       Headbutt          |     9 |       ||     9
Armor: Scale mail        |    28 |    14 ||    42
Dodge: Dodged            |    45 |    17 ||    62
Block: Buckler           |     9 |     9 ||    18
